 Dungeon Crawl Stone Soup version 0.17-a0-1714-g35622ae (webtiles) character file.

45649 kae the Fencer (level 14, -6/126 HPs)
             Began as a Minotaur Fighter on Aug 23, 2015.
             Was an Elder of Qazlal.
             Mangled by a 13-headed hydra (12 damage)
             ... on level 6 of the Lair of Beasts.
             The game lasted 00:37:58 (21945 turns).

kae the Fencer (Minotaur Fighter)                  Turns: 21945, Time: 00:37:58

Health: -6/126     AC: 27    Str: 33    XL:     14   Next: 1%
Magic:  0/21       EV:  7    Int: 11    God:    Qazlal [****..]
Gold:   1083       SH: 17    Dex: 11    Spells: 0 memorised, 13 levels left

rFire  . . .     SeeInvis +     d - +3 long sword (vamp)
rCold  . . .     Clarity  .     J - +3 chain mail of Firukon {Int+4 Slay+2}
rNeg   . . .     SustAt   .     c - +1 shield
rPois  .         Gourm    .     p - +2 hat {SInv}
rElec  .         Spirit   +     E - +2 cloak
rCorr  .         Warding  .     (no gloves)
rMut   .         Stasis   .     O - +2 pair of boots
MR     +....                    S - amulet of guardian spirit
Stlth  ..........               k - ring "Tuem" {Wiz Str+7 Stlth-}
                                L - +3 ring of strength

@: protected from physical damage, repel missiles, somewhat resistant to hostile
enchantments, extremely unstealthy
A: retaliatory headbutt, horns 2
a: Upheaval, Elemental Force, Renounce Religion


You were on level 6 of the Lair of Beasts.
You worshipped Qazlal.
Qazlal was greatly pleased with you.
You were near starving.

You visited 3 branches of the dungeon, and saw 19 of its levels.
You also visited: Labyrinth.

You collected 1203 gold pieces.
You spent 120 gold pieces at shops.

Inventory:

Hand weapons
 d - a +3 vampiric long sword (weapon)
Armour
 c - a +1 shield (worn)
 p - a +2 hat of see invisible (worn)
 E - a +2 cloak (worn)
 J - the +3 chain mail of Firukon (worn) {Int+4 Slay+2}
   (You found it on level 11 of the Dungeon)

   It affects your intelligence (+4).
   It affects your accuracy and damage with ranged weapons and melee attacks
   (+2).
 O - a +2 pair of boots (worn)
Jewellery
 h - an uncursed ring of wizardry
 k - the ring "Tuem" (right hand) {Wiz Str+7 Stlth-}
   (You found it on level 4 of the Dungeon)

   [ring of wizardry]

   It improves your spell success rate.
   It affects your strength (+7).
   It makes you less stealthy.
 G - an uncursed ring of protection from magic
 I - an uncursed ring of see invisible
 L - a +3 ring of strength (left hand)
 S - an amulet of guardian spirit (around neck)
Magical devices
 m - a wand of slowing (12)
 x - a wand of teleportation (7)
Scrolls
 a - a scroll of magic mapping
 f - 15 scrolls of identify
 l - 11 scrolls of remove curse
 t - 6 scrolls of teleportation
 z - 3 scrolls of fog
Potions
 e - a potion of cancellation {unknown}
 i - 6 potions of curing
 r - a potion of ambrosia
 u - a potion of berserk rage
 A - a potion of resistance
 B - a potion of heal wounds
 N - 2 potions of invisibility
 Q - a potion of flight
 T - a potion of haste
Books
 g - a book of the Tempests

   Spells                             Type                      Level
   a - Static Discharge               Conjuration/Air              3
   b - Lightning Bolt                 Conjuration/Air              5
   c - Fireball                       Conjuration/Fire             5
   d - Tornado                        Air                          9
   e - Shatter                        Earth                        9
 j - the Reference Book on Confrontation and Beguiling
   (You found it in a labyrinth)

   Spells                             Type                      Level
   a - Shock                          Conjuration/Air              1
   b - Sting                          Conjuration/Poison           1
   c - Flame Tongue                   Conjuration/Fire             1
   d - Gell's Gravitas                Hexes/Translocation          3
   e - Fulminant Prism                Conjuration/Hexes            4
 n - a book of Changes

   Spells                             Type                      Level
   a - Beastly Appendage              Transmutation                1
   b - Sticks to Snakes               Transmutation                2
   c - Spider Form                    Transmutation/Poison         3
   d - Ice Form                       Ice/Transmutation            4
   e - Blade Hands                    Transmutation                5
Comestibles
 b - 10 bread rations


   Skills:
 - Level 12.0 Fighting
 + Level 19.0 Long Blades
 - Level 12.0 Armour
 - Level 3.6 Shields
 - Level 11.1 Invocations


You had 13 spell levels left.
You didn't know any spells.

Dungeon Overview and Level Annotations

Branches:
Dungeon (11/15)            Temple (1/1) D:7            Lair (7/8) D:9
  Swamp (0/4) Lair:5        Snake (0/4) Lair:4        Slime (0/6) Lair:7
    Orc (0/4) D:11

Altars:
Ashenzari
Cheibriados
Dithmenos
Elyvilon
Fedhas
Gozag
Kikubaaqudgha
Makhleb
Nemelex Xobeh
Okawaru
Qazlal
Ru
Sif Muna
Trog
Vehumet
Xom
Yredelemnul
Zin
The Shining One

Shops:
D:4 !   D:5 }


Innate Abilities, Weirdness & Mutations

You reflexively headbutt those who attack you in melee.
You have a pair of horns on your head.


Message History

Unknown command.
You barely miss the 13-headed hydra.
Your headbutt misses the 13-headed hydra.
The 13-headed hydra is almost dead.
You feel yourself speed up.
You block the 13-headed hydra's attack. x3
The 13-headed hydra closely misses you. x2
You block the 13-headed hydra's attack.
The 13-headed hydra bites you but does no damage.
The 13-headed hydra bites you.
* * * LOW HITPOINT WARNING * * *
The 13-headed hydra closely misses you.
The 13-headed hydra bites you but does no damage.
The 13-headed hydra bites you.
* * * LOW HITPOINT WARNING * * *
The 13-headed hydra bites you but does no damage.
The 13-headed hydra completely misses you.
The 13-headed hydra bites you but does no damage. x2
The 13-headed hydra bites you!
You die...

###.........#.####
.###.........## ####
####........##. #..###
#..###......##.# ##...#
....###......#(. #...P#
.....##......#.: #...##
..........§.###§ ###..##
###...........#D##.....##
###........###@.......#
#..........##§......#
#.............§...###
#.......##.......##
##....###.#.....#.#
#...#..####..#####
##..##.# #### #######


You could see a 13-headed hydra.

Vanquished Creatures
  Gastronok (Lair:1)
  A minotaur (Lab)
  The ghost of Ajdolov the Bludgeoner, a powerful OgBe of Trog (D:11)
  4 hydras
  Erica (D:11)
  A queen ant (Lair:3)
  An unseen horror (D:10)
  3 hill giants (D:11)
  A giant orange brain (D:11)
  2 griffons
  6 orange demons (D:10)
  Joseph (D:8)
  8 black mambas
  12 spiny frogs
  3 fire drakes (Lair:5)
  4 komodo dragons
  8 blink frogs
  4 red devils (D:10)
  2 slime creatures (Lair:7)
  5 trolls
  A spriggan (D:8)
  6 hippogriffs
  3 basilisks
  Grum (Lair:1)
  A wyvern (D:8)
  27 yaks
  15 wolves
  16 porcupines
  A hungry ghost (D:9)
  7 soldier ants
  4 nagas (Lair:4)
  3 black bears
  5 sky beasts
  23 water moccasins
  3 ice beasts
  9 ogres
  3 orc warriors
  A wasp (D:8)
  A phantom (D:10)
  7 crocodiles
  4 brain worms (D:11)
  4 centaurs
  19 giant frogs
  2 big kobolds
  A wyvern zombie (D:10)
  5 scorpions
  A gnoll sergeant (D:6)
  A wyvern skeleton (D:11)
  4 killer bees (D:8)
  9 wights
  3 electric eels (D:9)
  A giant frog zombie (D:9)
  5 crimson imps
  2 centaur zombies
  10 orc priests
  10 hounds
  Crazy Yiuf (D:7)
  3 centaur skeletons
  4 jellies
  12 orc wizards
  A giant frog skeleton (D:5)
  19 worker ants
  11 iguanas
  A quasit (D:9)
  14 sheep
  A hound skeleton (D:5)
  A worker ant zombie (D:9)
  7 gnolls
  10 adders
  35 river rats
  An ooze (D:3)
  2 adder skeletons
  3 worms
  9 giant geckos
  38 orcs
  4 ball pythons
  6 bats
  5 giant cockroaches
  6 goblins
  5 hobgoblins
  9 jackals
  36 kobolds
  2 quokkas
  A giant gecko skeleton (D:4)
  3 giant newts
  2 jackal skeletons
  2 jackal zombies
  2 quokka skeletons
  5 rats
  14 fungi
  19 plants
581 creatures vanquished.

Vanquished Creatures (others)
  A hungry ghost (D:8)
  An orc priest (D:7)
  5 sheep (D:6)
  An orc (D:7)
  20 fungi
  15 plants
43 creatures vanquished.

Grand Total: 624 creatures vanquished

Notes
Turn   | Place    | Note
--------------------------------------------------------------
     0 | D:1      | kae the Minotaur Fighter began the quest for the Orb.
     0 | D:1      | Reached XP level 1. HP: 19/19 MP: 0/0
   155 | D:1      | Reached XP level 2. HP: 24/26 MP: 1/1
   224 | D:1      | Found a radiant altar of Vehumet.
   448 | D:1      | Reached skill level 4 in Long Blades
   505 | D:2      | Reached XP level 3. HP: 20/31 MP: 2/2
   826 | D:2      | Found a white marble altar of Elyvilon.
   884 | D:2      | Found a glowing silver altar of Zin.
   933 | D:2      | Reached skill level 5 in Long Blades
  1082 | D:2      | Reached XP level 4. HP: 39/39 MP: 3/3
  1560 | D:3      | Noticed a giant frog
  1563 | D:3      | Killed a giant frog
  1563 | D:3      | Reached skill level 6 in Long Blades
  1563 | D:3      | Reached XP level 5. HP: 45/45 MP: 4/4
  1607 | D:3      | Found a blossoming altar of Fedhas.
  1612 | D:3      | Found an ancient bone altar of Kikubaaqudgha.
  1792 | D:3      | Found an iron altar of Okawaru.
  2126 | D:4      | Found Fuhotaomi's Distillery.
  2129 | D:4      | Bought a potion of heal wounds for 50 gold pieces
  2129 | D:4      | Bought a potion of curing for 30 gold pieces
  2129 | D:4      | Bought a potion of lignification for 30 gold pieces
  2129 | D:4      | Bought a potion of degeneration for 10 gold pieces
  2199 | D:4      | Got an ancient granite ring
  2287 | D:4      | Reached skill level 7 in Long Blades
  2291 | D:4      | Noticed a sky beast
  2305 | D:4      | Killed a sky beast
  2305 | D:4      | Reached skill level 8 in Long Blades
  2305 | D:4      | Reached XP level 6. HP: 22/51 MP: 5/5
  2659 | D:5      | Entered Level 5 of the Dungeon
  2744 | D:5      | Reached skill level 9 in Long Blades
  3012 | D:5      | Reached XP level 7. HP: 36/57 MP: 6/6
  3237 | D:5      | Reached skill level 10 in Long Blades
  3437 | D:5      | Reached skill level 11 in Long Blades
  3460 | D:5      | Found Wokk's Gadget Shoppe.
  3642 | D:5      | Reached XP level 8. HP: 48/64 MP: 7/7
  3885 | D:6      | Reached skill level 12 in Long Blades
  4329 | D:6      | Reached skill level 13 in Long Blades
  4488 | D:6      | Found a shimmering altar of Xom.
  4763 | D:6      | Reached XP level 9. HP: 68/70 MP: 8/8
  4930 | D:7      | Found a radiant altar of Vehumet.
  5164 | D:7      | Noticed a centaur skeleton
  5174 | D:7      | Killed a centaur skeleton
  5174 | D:7      | Reached skill level 14 in Long Blades
  5182 | D:7      | Found a sacrificial altar of Ru.
  5368 | D:7      | Found a shimmering altar of Xom.
  5369 | D:7      | Found a white marble altar of Elyvilon.
  5753 | D:7      | Found a staircase to the Ecumenical Temple.
  5980 | Temple   | Entered the Ecumenical Temple
  6096 | D:7      | Noticed Crazy Yiuf
  6103 | D:7      | Killed Crazy Yiuf
  6103 | D:7      | Reached skill level 5 in Fighting
  6200 | D:8      | Reached skill level 5 in Armour
  6368 | D:8      | HP: 2/74 [orc priest/divine providence (13)]
  6806 | D:8      | Identified the ring "Tuem" {Wiz Str+7 Stlth-} (You found it on level 4 of the Dungeon)
  7382 | D:8      | Found a stormy altar of Qazlal.
  7423 | D:8      | Reached XP level 10. HP: 86/86 MP: 9/9
  7460 | D:8      | Became a worshipper of Qazlal Stormbringer
  7508 | D:8      | Noticed Joseph
  7523 | D:8      | Killed Joseph
  8145 | D:9      | Noticed a six-headed hydra
  8157 | D:9      | Killed a 12-headed hydra
  9116 | D:8      | Acquired Qazlal's first power
  9186 | D:9      | Reached skill level 10 in Fighting
  9186 | D:9      | Reached skill level 10 in Armour
  9482 | D:9      | Found a staircase to the Lair.
  9922 | D:9      | Found a shattered altar of Ashenzari.
  9968 | D:9      | Found a sparkling altar of Nemelex Xobeh.
 10017 | D:10     | Entered Level 10 of the Dungeon
 10288 | D:10     | Reached XP level 11. HP: 99/101 MP: 10/10
 10533 | D:10     | Acquired Qazlal's second power
 10546 | D:10     | Killed an unseen horror
 11889 | D:11     | Noticed a hill giant
 11914 | D:11     | Killed a hill giant
 11976 | D:11     | Noticed Ajdolov's ghost (powerful OgBe)
 12003 | D:11     | Killed Ajdolov's ghost
 12225 | D:11     | Noticed a hill giant
 12247 | D:11     | Killed a hill giant
 12247 | D:11     | Reached skill level 5 in Invocations
 12383 | D:11     | Found a staircase to the Orcish Mines.
 12621 | D:11     | Noticed a hill giant
 12627 | D:11     | Killed a hill giant
 12627 | D:11     | Reached XP level 12. HP: 112/112 MP: 15/15
 12739 | D:11     | Noticed Erica
 12748 | D:11     | Killed Erica
 12889 | D:11     | Noticed a giant orange brain
 12906 | D:11     | Lost intelligence.
 12915 | D:11     | Killed a giant orange brain
 12994 | D:11     | Lost intelligence.
 13057 | D:11     | Got a bloodstained chain mail
 13059 | D:11     | Lost intelligence.
 13071 | D:11     | Identified the +3 chain mail of Firukon {Int+4 Slay+2} (You found it on level 11 of the Dungeon)
 13254 | Lair:1   | Entered Level 1 of the Lair of Beasts
 13278 | Lair:1   | Noticed Gastronok
 13310 | Lair:1   | Killed Gastronok
 14042 | Lair:1   | Reached skill level 10 in Invocations
 14054 | Lair:1   | Noticed Grum
 14065 | Lair:1   | Killed Grum
 14065 | Lair:1   | Acquired Qazlal's third power
 15069 | Lair:2   | Reached skill level 15 in Long Blades
 15666 | Lair:2   | Reached XP level 13. HP: 118/118 MP: 20/20
 16061 | Lair:2   | Acquired Qazlal's fourth power
 16413 | Lair:3   | Reached skill level 16 in Long Blades
 16626 | Lair:3   | Identified the Papyrus of Bewitchment and Displacement
 17089 | Lair:4   | Found a staircase to the Snake Pit.
 17218 | Lair:4   | Acquired Qazlal's fifth power
 17484 | Lair:4   | Reached skill level 17 in Long Blades
 18383 | Lair:5   | Found a staircase to the Swamp.
 19021 | Lair:6   | Reached skill level 18 in Long Blades
 19127 | Lair:6   | Found a shimmering altar of Xom.
 19131 | Lair:6   | Found a labyrinth entrance.
 19246 | Lab      | Entered a labyrinth
 21338 | Lab      | Identified the Reference Book on Confrontation and Beguiling
 21474 | Lair:6   | Reached skill level 19 in Long Blades
 21474 | Lair:6   | Reached XP level 14. HP: 126/126 MP: 12/21
 21805 | Lair:6   | Found a runed door.
 21828 | Lair:6   | You fall through a shaft!
 21830 | Lair:7   | Found a staircase to the Slime Pits.
 21945 | Lair:6   | HP: 6/126 [13-headed hydra (5)]
 21945 | Lair:6   | Mangled by a 13-headed hydra

Vault maps used:
D:1:      dpeg_arrival_simpleton_b, minivault_26, roderic_serpentine_path,
          kennysheep_flooded_box
D:2:      overflow_temple_1_default, elyvilon_altar_1
D:3:      minmay_door_path, grunt_temple_overflow_growth_and_decay,
          okawaru_gym_becter
D:4:      serial_shops, kennysheep_mini_moat, first_bread
D:5:      serial_shops, nicolae_shop_window_shopping, kennysheep_diamond
D:6:      kb_xom_exploding_sheep
D:7:      nicolae_ru_sacrificial_ziggurat, grunt_temple_overflow_open,
          lemuel_temple_firewalk_marked, uniq_crazy_yiuf_cottage
D:8:      kennysheep_kobold_camp, kennysheep_little_box, the_bakery, uniq_joseph
D:9:      overflow_temple_1_default, lemuel_doored_altar, erik_lair_island
D:10:     minmay_beelzebubs_servants
D:11:     orc_0_dummy, minmay_brain_eaters, uniq_erica
Temple:   minmay_temple_bridge_a_8
Lair:1:   serial_bayou_shore_a, uniq_grum, uniq_gastronok
Lair:2:   grunt_megastairs_2, infiniplex_staircase_pool_2, serial_bayou_shore_b
Lair:3:   minmay_another_anthill
Lair:4:   minmay_snake_entry_guardpost_small, st_stairs_9
Lair:5:   swamp_mist
Lair:6:   lab_entry_generic, basic_altar, minivault_19, st_stairs_3,
          pf_torpor_hydra, grunt_megastairs_3
Lair:7:   minmay_slime_entry_pillars

Action                   |  1- 3 |  4- 6 |  7- 9 | 10-12 | 13-15 || total
-------------------------+-------+-------+-------+-------+-------++-------
Melee: Long sword        |   112 |   118 |   414 |   829 |   519 ||  1992
Invok: Upheaval          |       |       |       |     5 |     6 ||    11
  Use: Scroll            |       |     9 |       |     1 |    14 ||    24
       Potion            |       |       |     1 |    15 |     1 ||    17
  Eat: Chunk             |       |     3 |    14 |    29 |     8 ||    54
       Bread ration      |       |     1 |       |     1 |     1 ||     3
       Pizza             |       |       |       |     4 |       ||     4
